AoeStats
← JPN-上原亞衣

Nomad

505474708Analyzed
4v4 RM · 22d ago on Sep 9, 2026· 53m 27s· 8 players
Game mode
Random Map
Map size
231×231
Population
200
Speed
Normal
Resources
Standard
Victory
Conquest
Starting age
Dark Age
Ending age
Imperial Age
RankedLock teamsTeams togetherTeam positionsShared explorationLock speedFull tech treeHidden civsTurbo modeCheats
Victory
Defeat
🇨🇳 Goths · China
1366
+18
🇫🇮 Khmer · Finland
1336
+19
🇮🇳 Dravidians · India
1329
+19
🇬🇧 Burmese · United Kingdom
1329
+19
🇹🇼 Dravidians · Taiwan
1532
-24
🇹🇼 Wu · Taiwan
1511
-23
🇹🇼 Vietnamese · Taiwan
1494
-22
🇹🇼 Huns · Taiwan
1060
-6
小农民
12:25 Loom
14:44 Feudal Age
15:52 Double-Bit Axe
19:47 Castle Age
18:11 Gold Mining
19:00 Bloodlines
20:51 Forging
21:54 Husbandry
22:33 Iron Casting
22:04 Scale Barding Armor
22:54 Wheelbarrow
22:05 Town Watch
22:12 Fishing Lines
28:57 Chain Barding Armor
31:08 Scale Mail Armor
31:12 Squires
35:01 Imperial Age
33:14 Chain Mail Armor
34:45 Anarchy
37:25 Fletching
40:14 Conscription
42:38 Blast Furnace
46:26 Bow Saw
48:09 Elite Huskarl
51:29 Chemistry
52:14 Pikeman
53:37 Perfusion
53:12 Halberdier
milesburkley
5:00 Loom
12:30 Feudal Age
18:41 Castle Age
19:55 Medium Warships
20:21 Stone Mining
26:15 Padded Archer Armor
28:15 Horse Collar
31:13 Wheelbarrow
31:42 Bloodlines
31:32 Husbandry
32:11 Fletching
34:22 Ballistics
35:40 Hand Cart
37:59 Masonry
40:08 Gold Mining
40:54 Heavy Plow
48:50 Scale Barding Armor
49:37 Forging
52:24 Imperial Age
50:19 Chain Barding Armor
50:58 Iron Casting
51:03 Manipur Cavalry
Mezsar
4:42 Loom
13:43 Feudal Age
14:50 Double-Bit Axe
15:42 Wheelbarrow
19:57 Castle Age
17:38 Man-at-Arms
19:38 Gold Mining
19:31 Horse Collar
20:33 Forging
20:24 Fishing Lines
20:19 Long Swordsman
21:22 Medium Warships
21:54 Scale Mail Armor
21:57 Heavy Plow
24:05 Clinker Construction
24:46 Bow Saw
25:12 Careening
25:53 Siphons
31:47 Fletching
32:48 Thumb Ring
33:31 Ballistics
36:35 Imperial Age
34:22 Hand Cart
34:32 Bodkin Arrow
34:37 Padded Archer Armor
34:40 Stone Mining
34:55 Pikeman
36:24 Leather Archer Armor
36:43 Squires
36:29 Arson
37:21 Iron Casting
37:02 Chain Mail Armor
37:19 Bracer
36:40 Halberdier
37:42 Medical Corps
37:58 Conscription
39:05 Elite Elephant Archer
41:02 Ring Archer Armor
40:37 Elite Skirmisher
43:22 Husbandry
45:59 Chemistry
46:21 Scale Barding Armor
47:17 Blast Furnace
46:25 Siege Elephant
47:42 Wootz Steel
48:32 Plate Mail Armor
50:16 Murder Holes
50:36 Elite Urumi Swordsman
53:39 Coinage
Burgeri
13:01 Feudal Age
16:23 Castle Age
14:28 Double-Bit Axe
16:33 Loom
16:34 Town Watch
17:38 Bow Saw
17:45 Fishing Lines
21:25 Wheelbarrow
24:12 Horse Collar
28:09 Heavy Plow
32:30 Imperial Age
32:06 Hand Cart
32:10 Scale Barding Armor
32:16 Forging
33:40 Chain Barding Armor
32:58 Elite Ballista Elephant
33:41 Double Crossbow
33:49 Double Crossbow
34:25 Iron Casting
35:04 Ballistics
35:38 Plate Barding Armor
36:59 Chemistry
37:18 Conscription
37:34 Hoardings
37:22 Bloodlines
37:12 Husbandry
38:15 Blast Furnace
43:06 Coinage
44:51 Fletching
45:14 Masonry
45:28 Siege Engineers
46:30 Bodkin Arrow
TAG_Wayne
7:36 Loom
14:39 Feudal Age
15:58 Double-Bit Axe
18:37 Castle Age
18:18 Horse Collar
19:48 Town Watch
20:10 Heavy Plow
20:22 Bow Saw
24:23 Wheelbarrow
24:06 Stone Mining
29:53 Fletching
33:33 Gold Mining
33:44 Bodkin Arrow
35:15 Ballistics
35:46 Red Cliffs Tactics
39:50 Imperial Age
38:06 Hand Cart
38:14 Padded Archer Armor
38:26 Masonry
38:59 Gold Shaft Mining
40:55 Conscription
40:53 Leather Archer Armor
40:39 Bracer
41:47 Chemistry
40:27 Elite Skirmisher
43:03 Scale Barding Armor
43:09 Forging
43:30 Bloodlines
43:20 Husbandry
42:40 Heavy Hei Guang Cavalry
43:38 Imperial Skirmisher
45:11 Chain Barding Armor
47:46 Plate Barding Armor
47:56 Iron Casting
48:26 Light Cavalry
49:19 Hussar
53:47 Two-Man Saw
梨子假蘋果
13:04 Loom
15:26 Feudal Age
18:22 Fletching
18:42 Double-Bit Axe
24:13 Castle Age
26:17 Bodkin Arrow
27:00 Gold Mining
29:44 Ballistics
30:39 Thumb Ring
35:55 Padded Archer Armor
38:38 Wheelbarrow
40:39 Imperial Age
41:02 Gold Shaft Mining
41:30 Bracer
44:00 Parthian Tactics
45:30 Conscription
45:22 Heavy Cavalry Archer
53:33 Chemistry
53:05 Scale Barding Armor
52:26 Light Cavalry
53:07 Husbandry
HanShiba
6:00 Loom
12:11 Feudal Age
19:17 Double-Bit Axe
23:50 Castle Age
22:23 Horse Collar
23:39 Bloodlines
24:49 Scale Barding Armor
24:09 Light Cavalry
24:50 Husbandry
25:48 Wheelbarrow
25:24 Bow Saw
27:33 Gold Mining
32:08 Fletching
32:46 Bodkin Arrow
34:09 Padded Archer Armor
35:10 Leather Archer Armor
37:51 Wheelbarrow
41:42 Imperial Age
41:56 Hand Cart
45:16 Chemistry
JPN-上原亞衣
13:25 Feudal Age
14:48 Double-Bit Axe
17:30 Castle Age
16:18 Loom
16:26 Gold Mining
16:29 Fishing Lines
17:02 Town Watch
18:24 Medium Warships
19:02 Bow Saw
20:11 Fletching
21:12 Bodkin Arrow
22:28 Wheelbarrow
24:27 Horse Collar
29:03 Ballistics
30:21 Heavy Plow
30:44 Hand Cart
35:29 Imperial Age
33:50 Scale Mail Armor
33:52 Padded Archer Armor
35:31 Crossbowman
36:18 Bracer
37:44 Thumb Ring
39:23 Chemistry
38:30 Elite Elephant Archer
39:47 Masonry
41:57 Conscription
41:52 Medical Corps
42:43 Heavy Warships
42:45 Forging
42:35 Scale Mail Armor
43:18 Stone Mining
44:43 Leather Archer Armor
44:35 Elite Skirmisher
45:55 Ring Archer Armor
48:40 Elite Urumi Swordsman
49:35 Forging
49:25 Scale Mail Armor
51:33 Scale Mail Armor
51:04 Onager
51:37 Heavy Scorpion
51:46 Heavy Scorpion
54:04 Scale Mail Armor
Connection lost

Rejoining the realm…

Still unreachable

The connection could not be restored.

Session expired

The server has moved on; the page needs a fresh start.